 Dungeon Crawl Stone Soup version 0.29.1-2-gbd0b4ee654 (webtiles) character file.

Game seed: 12446816739211457225

149 safid the Shooter (level 5, -1/47 HPs)
             Began as a Minotaur Hunter on Nov 30, 2022.
             Slain by Blork the orc
             ... wielding a +0 mace
              (7 damage)
             ... on level 4 of the Dungeon.
             The game lasted 00:03:20 (3113 turns).

safid the Shooter (Minotaur Hunter)                 Turns: 3113, Time: 00:03:20

Health: -1/47      AC:  6    Str: 16    XL:     5   Next: 9%
Magic:  4/4        EV: 10    Int:  6    God:
Gold:   125        SH:  5    Dex: 15    Spells: 4/4 levels left

rFire   . . .      SeeInvis +   a - +0 shortbow
rCold   . . .      Faith    .   (shield currently unavailable)
rNeg    . . .      Spirit   .   s - +0 scale mail
rPois   .          Reflect  +   (helmet restricted)
rElec   .          Harm     .   (no cloak)
rCorr   .          Rampage  .   (no gloves)
Will    +....                   (no boots)
Stlth   ..........              d - amulet of reflection
HPRegen 0.15/turn               j - ring of willpower
MPRegen 0.09/turn               p - ring of see invisible

@: no status effects
A: horns 2, retaliatory headbutt
a: no special abilities


You were on level 4 of the Dungeon.
You visited 1 branch of the dungeon, and saw 4 of its levels.

You collected 125 gold pieces.

Inventory:

Hand Weapons
 a - a +0 shortbow (weapon)
Armour
 s - a +0 scale mail (worn)
Jewellery
 d - an amulet of reflection (around neck)
 j - a ring of willpower (left hand)
 p - a ring of see invisible (right hand)
 r - a ring of protection from fire
Scrolls
 b - a scroll of enchant weapon {unknown}
 f - a scroll of noise {unknown}
 h - a scroll of poison {unknown}
 k - a scroll of brand weapon {unknown}
 l - a scroll of butterflies {unknown}
 n - a scroll of enchant armour {unknown}
 q - 4 scrolls of identify {unknown}
Potions
 c - 2 potions of heal wounds {unknown}
 e - a potion of resistance {unknown}
 g - a potion of lignification {unknown}
 i - 2 potions of ambrosia {unknown}
 m - 2 potions of invisibility {unknown}
 o - a potion of cancellation {unknown}
 t - a potion of haste


   Skills:
 + Level 4.8 Fighting
 + Level 5.9 Ranged Weapons
 - Level 2.1 Dodging
 - Level 0.7 Stealth


You had 4 spell levels left.
You didn't know any spells.
Your spell library contained the following spells:

 Spells                   Type           Power      Damage    Failure   Level
 Blink                    Tloc           0%         N/A       96%         2
 Ozocubu's Armour         Ice            0%         N/A       99%         3
 Metabolic Englaciation   Hex/Ice        0%         N/A       100%        5
 Dispersal                Tloc           0%         N/A       100%        6
 Simulacrum               Ice/Necr       0%         N/A       100%        6


Dungeon Overview and Level Annotations

Branches:
Dungeon (4/15)
 Temple: D:4-7

Altars:

Shops:
D:3 =

Annotations:
D:4 Blork the orc


Innate Abilities, Weirdness & Mutations

You have a pair of horns on your head.
You reflexively headbutt those who attack you in melee.


Message History

The arrow hits the jelly.
The jelly is severely wounded.
Blork the orc casts a spell at you. The puff of frost hits you.
Blork the orc points at you and mumbles some strange words.
The puff of flame misses you.
You shoot an arrow. The arrow hits Blork the orc.
Blork the orc is lightly wounded.
Blork the orc barely misses you.
Blork the orc points at you and mumbles some strange words.
The puff of frost hits you! Blork the orc hits you with a +0 mace!
You are too injured to fight recklessly!
You are too injured to fight recklessly!
You are too injured to fight recklessly!
You are too injured to fight recklessly!
Fire: a) +0 shortbow
Press: ? - help, Q - select action Shift-Dir - straight line, f/p - Blork the orc
Aim: Blork the orc, wielding a +0 mace and wearing a +0 robe (lightly wounded, fast, 66% to hit)
You shoot an arrow. The arrow hits Blork the orc!
Blork the orc is heavily wounded.
Blork the orc hits you with a +0 mace!
* * * LOW HITPOINT WARNING * * *
Blork the orc barely misses you. You furiously retaliate!
You headbutt Blork the orc, but do no damage.
Fire: a) +0 shortbow
Press: ? - help, Q - select action Shift-Dir - straight line, f/p - Blork the orc
Aim: Blork the orc, wielding a +0 mace and wearing a +0 robe (heavily wounded, fast, 66% to hit)
You shoot an arrow.
The arrow hits Blork the orc but does no damage.
Blork the orc is heavily wounded.
You block Blork the orc's attack. Blork the orc hits you with a +0 mace!
* * * LOW HITPOINT WARNING * * *
Fire: a) +0 shortbow
Press: ? - help, Q - select action Shift-Dir - straight line, f/p - Blork the orc
Aim: Blork the orc, wielding a +0 mace and wearing a +0 robe (heavily wounded, fast, 66% to hit)
You shoot an arrow. The arrow closely misses Blork the orc.
The arrow hits the jelly!
You kill the jelly!
You block Blork the orc's attack. Blork the orc hits you with a +0 mace!
You die...

######## ^...<..##
#####...#
#####...#############
....................#
###..†............#.
#.......#####...#
###...### ##@## #...#
#o# ##### #o# #.# #o#
#)# ... ...


You could see Blork the orc (fast) and 2 orcs.

Vanquished Creatures
  A jelly (D:4)
  An orc wizard (D:4)
  4 adders
  3 dart slugs
  3 orcs
  7 bats
  8 endoplasms
  6 giant cockroaches
  3 hobgoblins
  7 jackals
  10 kobolds
  4 quokkas
  10 ball pythons
  2 frilled lizards
  4 goblins
  5 rats
78 creatures vanquished.

Notes
Turn   | Place    | Note
-------+----------+-------------------------------------------
     0 | D:1      | safid the Minotaur Hunter began the quest for the Orb.
     0 | D:1      | Reached XP level 1. HP: 18/18 MP: 0/0
   747 | D:1      | Got the Papyrus of the Ghastly Map
   760 | D:1      | Reached XP level 2. HP: 26/26 MP: 1/1
   928 | D:1      | Found a faded altar of an unknown god.
  1009 | D:1      | Reached skill level 5 in Ranged Weapons
  1009 | D:1      | Reached XP level 3. HP: 31/31 MP: 2/2
  1766 | D:2      | Reached XP level 4. HP: 34/40 MP: 3/3
  2448 | D:3      | Found Haujoat's Jewellery Boutique.
  3103 | D:4      | Noticed Blork the orc
  3104 | D:4      | Reached XP level 5. HP: 47/47 MP: 4/4
  3113 | D:4      | Slain by Blork the orc

Illustrated notes

Levels and vault maps discovered:
D:1:      minmay_arrival_solitary_statue, layout_loops_corners,
          nicolae_ecumenical_snake_handling, minmay_vboxes
D:2:      kennysheep_big_flooded_room, layout_loops_cross,
          kennysheep_generic_room_7
D:3:      layout_basic, serial_shops, nicolae_shop_behind_doors
D:4:      layout_loops_ring, minmay_temple_entry_mist, serial_shops,
          nicolae_shop_bloodbath_and_beyond, amcnicky_mini_rare_corridor_liquid,
          uniq_blork_the_orc

Skill      XL: |  1  2  3 |
---------------+----------+-----
Fighting       | 3 4 |  4.8
Ranged Weapons | 5 |  5.9
Dodging        | |  2.1
Stealth        | |  0.7

Action                   |  1- 3 |  4- 6 || total
-------------------------+-------+-------++-------
 Fire: Shortbow          |   117 |   112 ||   229
Armor: Leather armour    |    13 |    11 ||    24
       Scale mail        |       |     9 ||     9
Dodge: Dodged            |    42 |    43 ||    85
Block: Other             |     3 |    22 ||    25
       Reflection        |       |     2 ||     2
